 Dungeon Crawl Stone Soup version 0.30-a0-883-g5ad918d77d (webtiles) character file.

Game seed: 15053264472748880899

485 jasper the Chiller (level 6, -5/40 (44) HPs)
             Began as a Demonspawn Wanderer on Mar 17, 2023.
             Was a Follower of Sif Muna.
             Slain by a wight
             ... wielding a +2 long sword
              (9 damage)
             ... on level 4 of the Dungeon.
             The game lasted 00:12:50 (4319 turns).

jasper the Chiller (Demonspawn Wanderer)            Turns: 4319, Time: 00:12:50

HP:   -5/40 (44)    AC:  5    Str: 12    XL:     6   Next: 88%
MP:   11/11         EV: 12    Int: 19    God:    Sif Muna [*.....]
Gold: 242           SH:  0    Dex:  9    Spells: 0/12 levels left

rFire   . . .      SeeInvis .    c - +3 battleaxe (elec)
rCold   . . .      Faith    .    (shield currently unavailable)
rNeg    . . .      Spirit   .    d - +0 robe
rPois   .          Reflect  .    (no helmet)
rElec   .          Rampage  .    b - +0 cloak
rCorr   .                        (no gloves)
Will    .....                    (no boots)
Stlth   +                        (no amulet)
HPRegen 0.26/turn                (no ring)
MPRegen 0.12/turn                (no ring)

@: drained
A: icy blue scales 1, weakness stinger 1
a: Renounce Religion, Channel Magic


You were on level 4 of the Dungeon.
You worshipped Sif Muna.
Sif Muna was aware of your devotion.
You visited 1 branch of the dungeon, and saw 4 of its levels.
You also visited: Ossuary.

You collected 242 gold pieces.

Inventory:

Hand Weapons
 a - a +0 mace
 c - a +3 battleaxe of electrocution (weapon)
 g - a +0 quarterstaff
Missiles
 k - a throwing net
 l - 28 stones
 o - 5 poisoned darts
 r - 3 boomerangs
Armour
 b - a +0 cloak (worn)
 d - a +0 robe (worn)
 m - the +3 leather armour of Weirdness {Harm +Blink Str-4 Int+3}
   (You found it on level 2 of the Dungeon)

   Str:       It affects your strength (-4).
   Int:       It affects your intelligence (+3).
   +Blink:    It lets you blink.
   Harm:      It increases damage dealt and taken.
Wands
 h - a wand of paralysis (19)
Scrolls
 n - 2 scrolls of teleportation
Potions
 e - a potion of flight
 f - a potion of brilliance
 i - a potion of lignification
 j - a potion of haste {unknown}
 p - a potion of berserk rage {unknown}
 q - a potion of might {unknown}


   Skills:
 - Level 2.0 Fighting
 - Level 1.7 Maces & Flails
 - Level 1.0 Throwing
 - Level 1.7 Dodging
 + Level 3.6 Spellcasting
 * Level 4.0 Necromancy
 - Level 4.5 Ice Magic


You couldn't memorise any spells.
You knew the following spells:

 Your Spells              Type           Power      Damage    Failure   Level
a - Freeze                Ice            80%        1d9       2%          1
b - Frozen Ramparts       Ice            40%        1d7       7%          3
c - Vampiric Draining     Necr           18%        2d7       9%          3
d - Borgnjor's Vile Clut  Necr/Erth      5%         N/A       86%         5

Your spell library contained the following spells:

 Spells                   Type           Power      Damage    Failure   Level
 Necrotise                Necr           72%        1d7       2%          1
 Portal Projectile        Hex/Tloc       6%         N/A       41%         3
 Tukima's Dance           Hex            3%         N/A       41%         3
 Summon Ice Beast         Ice/Summ       12%        N/A       50%         4
 Metabolic Englaciation   Hex/Ice        6%         N/A       85%         5
 Blade Hands              Tmut           1%         N/A       99%         5
 Polar Vortex             Ice            10%        N/A       100%        9


Dungeon Overview and Level Annotations

Branches:
Dungeon (4/15)            Ossuary (visited)
 Temple: D:4-7

Altars:
Sif Muna

Shops:
D:1 (

Annotations:
D:4 Edmund


Innate Abilities, Weirdness & Mutations

You are partially covered in icy blue scales. (AC +2)
You have a small tail.


Message History

The wight suddenly stops moving!
The helpless wight fails to defend itself.
You hit the wight but do no damage.
You tail-slap the wight, but do no damage.
The helpless wight fails to defend itself.
You slash the wight! Lightning courses through the wight!!
You destroy the wight!
Sif Muna accepts your kill.
Your Necromancy skill increases to level 4!
Things that are here:
a +3 hand axe of freezing; a +0 robe
Okay, then.
Casting: Frozen Ramparts (dangerous; 7% risk of failure)
Confirm with . or Enter, or press ? or * to list all spells.
Okay, then.
This spell is astonishingly dangerous to cast!
Memorise Borgnjor's Vile Clutch, consuming 5 spell levels and leaving 0?
You start memorising the spell.
You continue memorising. x4
The wight barely misses you.
You continue memorising.
The wight misses you.
You finish memorising.
Spell assigned to 'd'.
You hit the wight.
The wight is moderately damaged.
The wight hits you but does no damage.
You slash the wight!
Your tail-slap misses the wight.
The wight is severely damaged.
The wight hits you with a +2 long sword!
* * * LOW HITPOINT WARNING * * *
The wight hits you with a +2 long sword.
* * * LOW HITPOINT WARNING * * *
You take 12 damage, and have 9/42 hp.
MASSIVE DAMAGE!!
You hit the wight.
Your tail-slap misses the wight.
The wight is almost destroyed.
The wight hits you with a +2 long sword.
* * * LOW HITPOINT WARNING * * *
You feel drained.
* * * LOW HITPOINT WARNING * * *
The wight hits you with a +2 long sword!
You die...

#.## ##..#
#..z# #...#
#..)# #...#
###.#.###
#...#.z.#
#.#####@#
#...#...#
###.#.###
#...#######.
##..........
#..#######.
#..# #..#
#..#
.##########


You could see a wight.

Vanquished Creatures
  5 wights
  A hound (D:4)
  2 sleepcaps (D:4)
  4 adders
  An ufetubus (D:4)
  An adder zombie (Ossuary)
  4 dart slugs
  2 orcs (D:3)
  10 bats
  5 endoplasms
  3 giant cockroaches
  4 goblins
  8 hobgoblins
  9 kobolds
  2 quokkas
  9 ball pythons
  A ball python skeleton (Ossuary)
  7 frilled lizards
  2 hobgoblin zombies (Ossuary)
  2 kobold zombies (Ossuary)
  An orc zombie (Ossuary)
  10 rats
93 creatures vanquished.

Vanquished Creatures (others)
  8 plants (D:4)
8 creatures vanquished.

Grand Total: 101 creatures vanquished

Notes
Turn   | Place    | Note
-------+----------+-------------------------------------------
     0 | D:1      | jasper the Demonspawn Wanderer began the quest for the Orb.
     0 | D:1      | jasper set off with the following items: a +0 mace, a +0
                  | cloak, a potion of curing, a +0 robe; and the following
                  | spell memorised: Freeze; and the following spells available
                  | to memorise: Frozen Ramparts, Summon Ice Beast.
     0 | D:1      | Reached XP level 1. HP: 16/16 MP: 2/2
   247 | D:1      | Gained mutation: You are partially covered in icy blue
                  | scales. (AC +2) [demonic ancestry]
   247 | D:1      | Reached XP level 2. HP: 22/22 MP: 0/3
   547 | D:1      | Found Dequsm's Weapon Shoppe.
   802 | D:1      | Reached XP level 3. HP: 27/27 MP: 1/5
   806 | D:1      | Learned a level 3 spell: Frozen Ramparts
  1419 | D:2      | Identified the +3 leather armour of Weirdness {Harm +Blink
                  | Str-4 Int+3}
  2036 | D:2      | Reached XP level 4. HP: 33/33 MP: 5/7
  2294 | D:2      | Identified a scroll of acquirement
  2294 | D:2      | Acquired the Encyclopedia of Snow-white Skeletons
  2300 | D:2      | Learned a level 3 spell: Vampiric Draining
  2890 | D:3      | Found a faded altar of an unknown god.
  2893 | D:3      | Prayed at the altar of an unknown god.
  2893 | D:3      | Became a worshipper of Sif Muna the Loreminder
  2893 | D:3      | Reached * piety under Sif Muna
  3235 | D:4      | Reached skill level 1 in Necromancy
  3302 | D:4      | Gained mutation: You have a small tail. [demonic ancestry]
  3302 | D:4      | Reached XP level 5. HP: 32/38 MP: 4/8
  3413 | D:4      | Noticed Edmund
  3425 | D:4      | HP: 1/38 [Edmund/+1 dire flail of protection (7)]
  3569 | D:4      | Found a sand-covered staircase.
  3750 | Ossuary  | Entered an ossuary
  3873 | Ossuary  | Reached XP level 6. HP: 43/43 MP: 10/10
  4317 | D:4      | Learned a level 5 spell: Borgnjor's Vile Clutch
  4319 | D:4      | Slain by a wight

Illustrated notes

Levels and vault maps discovered:
D:1:      minmay_arrival_doors, layout_loops_ring, serial_shops,
          nicolae_shop_bloodbath_and_beyond, serial_glass, glass_columns_a,
          glass_columns_b, serial_park_tiny_1
D:2:      layout_loops_ring
D:3:      layout_basic, hellmonk_ecumenical_altar_inner_sanctum
D:4:      layout_loops_ring, enter_ossuary_3, minivault_23,
          serial_bayou_crossing, uniq_duvessa, uniq_edmund

Skill      XL: |  1  2  3  4  5  6 |
---------------+-------------------+-----
Ice Magic      | 2 3 4 |  4.5
Spellcasting   | 2 3 |  3.6
Necromancy     | 1 2 4 |  4.0
Fighting       | |  2.0
Maces & Flails | |  1.7
Throwing       | |  1.0
Dodging        | |  1.7

Action                     |  1- 3 |  4- 6 || total
---------------------------+-------+-------++-------
  Melee: Mace              |    18 |       ||    18
         Quarterstaff      |     8 |    72 ||    80
         Tailslap          |       |     7 ||     7
         Battleaxe         |       |    39 ||    39
   Cast: Freeze            |    57 |    20 ||    77
         Frozen Ramparts   |     4 |    12 ||    16
  Evoke: Wand              |       |     7 ||     7
    Use: Scroll            |     3 |     8 ||    11
         Potion            |       |     3 ||     3
   Stab: Paralysed         |       |     6 ||     6
 Armour: Robe              |    30 |    44 ||    74
  Dodge: Dodged            |    47 |    97 ||   144

Table legend: (Time is in decaauts)
 A = Elapsed time spent in this place.
 B = Non-inter-level travel time spent in this place.
 C = Inter-level travel time spent in this place.
 D = Time resting spent in this place.
 E = Time spent auto-exploring this place.
 F = Levels seen in this place.
 G = Mean time per level.
                   A        B        C        D        E       F      G
               +--------+--------+--------+--------+--------+-----+--------+
         Total |   4378 |   4258 |    120 |   1007 |   1852 |   5 |  875.6 |
       Dungeon |   3829 |   3709 |    120 |    607 |   1819 |   4 |  957.2 |
       Ossuary |    548 |    548 |      0 |    400 |     33 |   1 |  548.0 |
               +--------+--------+--------+--------+--------+-----+--------+

Top non-repeatable levels by time:
     D:1: 1347 daAuts
     D:2: 1131 daAuts
     D:3: 692 daAuts
     D:4: 659 daAuts
 Ossuary: 548 daAuts
